 Dungeon Crawl Stone Soup version 0.21-a0-625-g1119ec1 (webtiles) character file.

2 tidbits the Caller (level 1, -2/13 HPs)
             Began as a Gnoll Summoner on Dec 24, 2017.
             Slain by a kobold
             ... wielding a +0 whip
              (4 damage)
             ... on level 1 of the Dungeon.
             The game lasted 00:00:42 (78 turns).

tidbits the Caller (Gnoll Summoner)                   Turns: 78, Time: 00:00:43

Health: -2/13      AC:  2    Str: 10    XL:     1   Next: 30%
Magic:  4/6        EV: 14    Int: 17    God:
Gold:   7          SH:  0    Dex: 15    Spells: 8/9 levels left

rFire    . . .     SeeInvis .   a - +0 dagger
rCold    . . .     Gourm    .   (no shield)
rNeg     . . .     Faith    .   d - +0 robe
rPois    .         Spirit   .   (no helmet)
rElec    .         Reflect  .   (no cloak)
rCorr    .         Harm     .   (no gloves)
MR       .....                  (no boots)
Stlth    +++.......             (no amulet)
HPRegen  0.04/turn              (no ring)
MPRegen  0.10/turn              (no ring)

@: no status effects
A: distributed training, fangs 1, strong nose
a: no special abilities


You were on level 1 of the Dungeon.
You were not hungry.

You visited 1 branch of the dungeon, and saw 1 of its levels.

You collected 7 gold pieces.

Inventory:

Hand Weapons
 a - a +0 dagger (weapon)
Missiles
 e - a stone (quivered)
Armour
 d - a +0 robe (worn)
Books
 b - a book of Callings

   Spells                             Type                      Level
   a - Summon Small Mammal            Summoning                    1
   b - Call Imp                       Summoning                    2
   c - Call Canine Familiar           Summoning                    3
   d - Summon Guardian Golem          Hexes/Summoning              3
   e - Summon Lightning Spire         Summoning/Air                4
   f - Summon Ice Beast               Ice/Summoning                4
Comestibles
 c - 2 rations


   Skills:
 + Level 0.0 Fighting
 + Level 0.0 Short Blades
 + Level 0.0 Long Blades
 + Level 0.0 Axes
 + Level 0.0 Maces & Flails
 + Level 0.0 Polearms
 + Level 0.0 Staves
 + Level 0.0 Slings
 + Level 0.0 Bows
 + Level 0.0 Crossbows
 + Level 0.0 Throwing
 + Level 0.0 Armour
 + Level 4.4 Dodging
 + Level 4.0 Stealth
 + Level 0.0 Shields
 + Level 0.0 Unarmed Combat
 + Level 4.8 Spellcasting
 + Level 0.0 Conjurations
 + Level 0.0 Hexes
 + Level 0.0 Charms
 + Level 7.0 Summonings
 + Level 0.0 Necromancy
 + Level 0.0 Translocations
 + Level 0.0 Transmutations
 + Level 0.0 Fire Magic
 + Level 0.0 Ice Magic
 + Level 0.0 Air Magic
 + Level 0.0 Earth Magic
 + Level 0.0 Poison Magic
 + Level 0.0 Invocations
 + Level 0.0 Evocations


You had 8 spell levels left.
You knew the following spells:

 Your Spells              Type           Power        Failure   Level  Hunger
a - Summon Small Mammal   Summ           ####         1%          1    None


Dungeon Overview and Level Annotations

Branches:
Dungeon (1/15)

Altars:


Innate Abilities, Weirdness & Mutations

Your experience applies equally to all skills.
You have very sharp teeth.
Your uncanny sense of smell can sniff out nearby items.


Message History

You now have 7 gold pieces.
Found 16 arrows.
Found 18 stones.
A kobold comes into view. It is wielding a dagger.
The helpless kobold fails to defend itself.
You hit the kobold.
The kobold is severely wounded.
The kobold closely misses you.
Casting: Summon Small Mammal
Confirm with . or Enter, or press ? or * to list all spells.
The kobold closely misses you. The kobold hits you with a dagger.
You swap places.
Your quokka completely misses the kobold.
The kobold hits your quokka with a dagger.
What are your orders? t - Bark!
Orders for allies: a - Attack new target. r - Retreat! s - Stop attacking. g - Guard the area. f - Follow me.
Anything else - Cancel.
Gang up on whom?
Press: ? - help, Dir - move target cursor, f - kobold
Aim: a kobold, wielding a dagger (severely wounded) Attack!
Your quokka closely misses the kobold.
The kobold throws a stone.
The stone completely misses your quokka.
The stone closely misses you. What are your orders? t - Bark!
Orders for allies: a - Attack new target. p - Attack previous target. r - Retreat! s - Stop attacking. g - Guard the area. f - Follow me.
Anything else - Cancel.
Gang up on whom?
Press: ? - help, Dir - move target cursor, f/p - kobold
Aim: a kobold, wielding a dagger (severely wounded) Attack!
Your quokka bites the kobold.
The kobold dies!
You swap places.
Things that are here:
a dagger; a stone
d - a dagger;
e - a stone Wield which item (- for none, * to show all)? (? for menu, Esc to quit)
d - a +0 dagger (weapon)
Adjust (i)tems, (s)pells, or (a)bilities?
Adjust which item? (? for menu, Esc to quit)
d - a +0 dagger (weapon)
Adjust to which letter? (? for menu, Esc to quit)
a - a +0 dagger (weapon);
d - a +0 robe (worn)
A goblin comes into view.
The goblin shouts!
The goblin hits you.
You hit the goblin but do no damage.
Your quokka barely misses the goblin.
The goblin closely misses you.
Your quokka barely misses the goblin.
You closely miss the goblin. The goblin hits you.
* * * LOW HITPOINT WARNING * * *
Your quokka closely misses the goblin.
You hit the goblin. Your bite misses the goblin.
The goblin is severely wounded.
The goblin barely misses you.
Your quokka barely misses the goblin.
You hit the goblin but do no damage.
The goblin is severely wounded.
The goblin closely misses you.
Your quokka closely misses the goblin.
You hit the goblin.
You kill the goblin!
A kobold comes into view. It is wielding a whip.
The kobold shouts!
You swap places.
What are your orders? t - Bark!
Orders for allies: a - Attack new target. r - Retreat! s - Stop attacking. g - Guard the area. f - Follow me.
Anything else - Cancel.
Gang up on whom?
Press: ? - help, Dir - move target cursor, f - kobold
Aim: a kobold, wielding a whip Attack!
Your quokka disappears in a puff of smoke!
You hit the kobold.
The kobold is moderately wounded.
The kobold hits you with a whip.
* * * LOW HITPOINT WARNING * * *
Casting: Summon Small Mammal
Confirm with . or Enter, or press ? or * to list all spells.
The kobold hits you with a whip.
* * * LOW HITPOINT WARNING * * *
The kobold barely misses you.
You swap places.
The kobold hits your rat with a whip.
Your rat dies!
Your rat's corpse disappears in a puff of smoke!
Casting: Summon Small Mammal
Confirm with . or Enter, or press ? or * to list all spells.
The kobold barely misses you.
Your quokka bites the kobold.
Your quokka barely misses the kobold.
Casting: Summon Small Mammal
Confirm with . or Enter, or press ? or * to list all spells.
The kobold hits you with a whip.
You die...

##.......## ##..#.#
##.....## ##.#.###.#
##...## #.......# ##+#
#######.##### #.# #..
..#.# #.# #.# #.#.#
##.######.###.#.#
##...##..........#
#.#######...rK@.....##...#
#............##r##..##...#
#########...###.##..##...#
##.## #.##....(..# ###
#.##.....(## #...(.....#
###########


You could see a kobold and 2 friendly quokkas.

Vanquished Creatures
  A goblin (D:1)
1 creature vanquished.

Vanquished Creatures (collateral kills)
  A kobold (D:1)
1 creature vanquished.

Grand Total: 2 creatures vanquished

Notes
Turn   | Place    | Note
-------+----------+-------------------------------------------
     0 | D:1      | tidbits the Gnoll Summoner began the quest for the Orb.
     0 | D:1      | Reached XP level 1. HP: 13/13 MP: 6/6
    69 | D:1      | HP: 1/13 [kobold/whip (2)]
    78 | D:1      | Slain by a kobold

Vault maps used:
D:1:      shiori_arrival_oz, minivault_24, dk_noncrumbling_3

Action                   || total
-------------------------++-------
Melee: Dagger            ||     6
       Unarmed           ||     1
 Cast: Summon Small Mamm ||     4
 Stab: Sleeping          ||     1
Dodge: Dodged            ||     8

Table legend:
 A = Spawn XP
 B = Non-spawn XP
 C = Spawn XP percentage of total XP
 D = Spawn monster count
 E = Non-spawn monster count
 F = Spawn count percentage of total count
 G = Total turns spent on level
                    A         B        C        D         E        F      G
               +---------+---------+-------+---------+---------+-------+---------
         Total |       0 |       3 |   0.0 |       0 |       2 |   0.0 |    78
               +---------+---------+-------+---------+---------+-------+---------
           D:1 |       0 |       3 |   0.0 |       0 |       2 |   0.0 |    78
               +---------+---------+-------+---------+---------+-------+---------

Table legend:
 A = Turns spent in this place as a percentage of turns spent in the entire game.
 B = Non-inter-level travel turns spent in this place as a percentage of non-inter-level travel turns spent in the entire game.
 C = Inter-level travel turns spent in this place as a percentage of turns spent in this place.
 D = Turns resting spent in this place as a percentage of non-inter-level travel turns spent in this place.
 E = Turns spent auto-exploring this place as a percentage of non-inter-level travel turns spent in this place.
 F = Non-inter-level travel turns spent in this place divided by the number of levels of this place that you've seen.
                   A       B       C       D       E      F
               +-------+-------+-------+-------+-------+----------------------
         Total | 100.0 | 100.0 |   0.0 |   0.0 |   0.0 |  78.0
       Dungeon | 100.0 | 100.0 |   0.0 |   0.0 |   0.0 |  78.0
               +-------+-------+-------+-------+-------+----------------------

Table legend:
 A = Kills in this place as a percentage of kills in entire the game.
 B = Kills by you in this place as a percentage of kills by you in the entire game.
 C = Kills by friends in this place as a percentage of kills by friends in the entire game.
 D = Other kills in this place as a percentage of other kills in the entire game.
 E = Experience gained in this place as a percentage of experience gained in the entire game.
 F = Experience gained in this place divided by the number of levels of this place that you have seen.
                   A       B       C       D       E      F
               +-------+-------+-------+-------+-------+----------------------
         Total | 100.0 | 100.0 | 100.0 |   N/A | 100.0 |   3.0
       Dungeon | 100.0 | 100.0 | 100.0 |   N/A | 100.0 |   3.0
               +-------+-------+-------+-------+-------+----------------------

Vault maps used:
D:1:      shiori_arrival_oz, minivault_24, dk_noncrumbling_3
